[Event "Early-Titled-Tuesday-Blitz-April-02-2024"]
[Site "Chess.com"]
[Date "2024.04.02"]
[Round "2"]
[White "KNVB"]
[Black "Barmen_EV"]
[Result "1-0"]
[WhiteElo "2810"]
[BlackElo "2576"]
[TimeControl "180+1"]
[EndTime "8:17:42 PDT"]
[Termination "KNVB won by resignation"]

1. e4 e6 2. c3 d5 3. Nf3 dxe4 4. Qa4+ Nc6 5. Qxe4 Nf6 6. Qc2 e5 7. d3 Be7 8. Nbd2 O-O 9. Be2 h6 10. O-O Bf5 11. Re1 Re8 12. Bf1 Bf8 13. Ne4 Nh5 14. g3 Nf6 15. Be3 Nxe4 16. dxe4 Bh7 17. a4 Qf6 18.
Nd2 Ne7 19. a5 Nd5 20. a6 Nxe3 21. Rxe3 b6 22. b4 h5 23. h4 g6 24. Bc4 Bh6 25.
Rf3 Qg7 26. Rxf7 Qxf7 27. Bxf7+ Kxf7 28. Nf3 Rad8 29. Rd1 Kf6 30. Rd3 Bg8 31. Qd1 Rxd3 32. Qxd3 Be6 33. Nxe5 Bf8 34. Nd7+ Bxd7 35. Qxd7 Rxe4 36.
Qc6+ Re6 37. Qxc7 Bd6 38. Qxa7 Re1+ 39. Kg2 Re2 40. Qxb6 Ke7 41. a7 Ra2 42. Qb7+ Ke6 43. a8=Q Rxa8 44. Qxa8 Kf5 45. Qf3+ Ke6 46. Qe4+ Kf6 47.
Qd5 g5 48. Qxg5+ Ke6 49. Qxh5 Kd7 50. Qd5 Kc7 51. b5 Kb6 52. Qc6+ Ka7 53. c4 Kb8 54. Qxd6+ Kb7 55. c5 Kc8 56. Qe7 Kb8 57. f4 Kc8 58. g4 Kb8 59. h5 Kc8 60. h6 Kb8 61. Kf3 Kc8 62. Ke4 Kb8 63. Ke5 Kc8 64. Ke6 Kb8 65.
Kf7 Kc8 66. Kf8 Kb8 67. Ke8 Kc8 68. h7 Kb8 69. h8=N Kc8 70. g5 Kb8 71. g6 Kc8 72.
f5 Kb8 73. f6 Kc8 74. g7 Kb8 1-0

[Event "Early-Titled-Tuesday-Blitz-April-02-2024"]
[Site "Chess.com"]
[Date "2024.04.02"]
[Round "2"]
[White "ansko1999"]
[Black "inagreV"]
[Result "0-1"]
[WhiteElo "2635"]
[BlackElo "2389"]
[TimeControl "180+1"]
[EndTime "8:17:42 PDT"]
[Termination "inagreV won by checkmate"]

1. Nc3 Nf6 2. d4 d5 3. Bf4 c5 4. e4 Nxe4 5. Nxe4 dxe4 6. dxc5 Qa5+ 7. c3 Qxc5 8. Qa4+ Nc6 9. Qxe4 g6 10. Nf3 Bg7 11. Qe3 Qxe3+ 12. Bxe3 Be6 13. Bb5 Rc8 14. Bxa7 O-O 15. Be3 Na5 16. Nd2 Rfd8 17. O-O Rd5 18. Be2 Rcd8 19. Nc4 Nc6 20. Nb6 R5d6 21. a4 Bb3 22. a5 Ne5 23. Ra3 Be6 24. h3 h6 25.
Na4 Nc4 26. Bxc4 Bxc4 27. Re1 Rd1 28. Ra1 Rxa1 29. Rxa1 e5 30. Bb6 Rd2 31. Be3 Re2 32. b4 f5 33. Nb6 Bd3 34. c4 f4 35. Bc5 e4 36. Rc1 Bb2 37. Rd1 Bc3 38. Nd5 Bd2 39.
Bd6 g5 40. c5 Bc4 41. Nb6 Bb5 42. Be5 Bc6 43. Nc4 Bxb4 44. Kf1 Rc2 45. Rd8+ Kf7 46. Nd6+ Ke6 47. Bg7 Rc1+ 48. Ke2 Re1# 0-1

[Event "Early-Titled-Tuesday-Blitz-April-02-2024"]
[Site "Chess.com"]
[Date "2024.04.02"]
[Round "2"]
[White "Zorbos"]
[Black "VeraVujovic"]
[Result "0-1"]
[WhiteElo "2481"]
[BlackElo "2219"]
[TimeControl "180+1"]
[EndTime "8:17:43 PDT"]
[Termination "VeraVujovic won by checkmate"]

1. e4 c5 2. Nf3 d6 3. d4 cxd4 4. Nxd4 Nf6 5. Nc3 Nc6 6. Bg5 e5 7. Ndb5 a6 8. Na3 b5 9. Nd5 Be7 10. Bxf6 Bxf6 11. c3 Rb8 12. Nc2 Bg5 13. Nce3 O-O 14.
g3 b4 15. Bg2 bxc3 16. bxc3 Be6 17. O-O Bxd5 18. Nxd5 Ne7 19. Qd3 Nxd5 20. Qxd5 Qc7 21. f4 exf4 22. gxf4 Bf6 23. Rac1 Bxc3 24. Rfd1 Qb6+ 25.
Kh1 Bb4 26. Rb1 Qc5 27. Qd3 a5 28. Rdc1 Qf2 29. Rc2 Qxf4 30. Rf1 Qe5 31. Qc4 Qe6 32. Qd3 Bc5 33. Bh3 Qe5 34. Rg2 g6 35. Bd7 Rb2 36. Rxb2 Qxb2 37. Bc6 Qd4 38. Qf3 Kg7 39. Bd5 f6 40. Rd1 Qe3 41. Qg4 Rd8 42. Rb1 Kh8 43. Qe6 Qf3# 0-1

[Event "Early-Titled-Tuesday-Blitz-April-02-2024"]
[Site "Chess.com"]
[Date "2024.04.02"]
[Round "2"]
[White "VanRommel28"]
[Black "HanSchut"]
[Result "0-1"]
[WhiteElo "2493"]
[BlackElo "2257"]
[TimeControl "180+1"]
[EndTime "8:17:46 PDT"]
[Termination "HanSchut won by resignation"]

1. e4 c5 2. Nf3 d6 3. c3 Nf6 4. Be2 Bd7 5. d3 g6 6. O-O Bg7 7. Re1 O-O 8. Bf1 e5 9. h3 Bc6 10. Nbd2 Re8 11. Qc2 Nbd7 12. d4 cxd4 13. cxd4 Rc8 14.
dxe5 dxe5 15. Nc4 Qc7 16. Bg5 b5 17. Ne3 a6 18. Rac1 Qb7 19. Bd3 Bxe4 20. Bxe4 Nxe4 21.
Qd1 Ndc5 22. b4 Nxg5 23. Nxg5 Rcd8 24. Qe2 Nd3 25. Rcd1 Nxe1 26. Qxe1 Rxd1 27. Qxd1 h6 28. Nf3 Qe7 29. Nd5 Qd6 30. Qb3 Rd8 31. Ne3 Rd7 32.
g3 Kh7 33. Kg2 Qc6 34. g4 Re7 35. h4 Qe4 36. h5 Qf4 37. hxg6+ fxg6 38. Qd3 e4 39.
Qe2 exf3+ 40. Qxf3 Qxf3+ 0-1

[Event "Early-Titled-Tuesday-Blitz-April-02-2024"]
[Site "Chess.com"]
[Date "2024.04.02"]
[Round "2"]
[White "gorgeous1083"]
[Black "themind1hunter"]
[Result "0-1"]
[WhiteElo "2198"]
[BlackElo "2495"]
[TimeControl "180+1"]
[EndTime "8:17:46 PDT"]
[Termination "themind1hunter won by checkmate"]

1. d4 Nf6 2. c4 e6 3. Nf3 Bb4+ 4. Bd2 Be7 5. Nc3 d5 6. e3 O-O 7. Bd3 a6 8. O-O dxc4 9. Bxc4 b5 10. Bd3 c5 11.
Ne4 Nbd7 12. Nxf6+ Nxf6 13. Bc2 Bb7 14. dxc5 Bxf3 15. gxf3 Bxc5 16. Bc3 Nd5 17. Qd3 Qg5+ 18. Kh1 Qh5 19. Bd1 Rad8 20. f4 Nxf4 21. Bxh5 Nxd3 22. Be2 b4 23. Bxg7 Kxg7 24. Rad1 Nxb2 25. Rb1 Na4 26. Rg1+ Kf6 27. Bxa6 Nc3 28. Rbc1 Rd2 29. Bc4 Rxf2 30. Rg3 Rd8 31. Kg1 Rdd2 32. a3 Ne4 33. Rg4 Bxe3 34. axb4 Rg2+ 35. Kf1 Rxg4 36. Be2 Rg1# 0-1

[Event "Early-Titled-Tuesday-Blitz-April-02-2024"]
[Site "Chess.com"]
[Date "2024.04.02"]
[Round "2"]
[White "profedechess93"]
[Black "Sina_Movahed"]
[Result "1-0"]
[WhiteElo "2649"]
[BlackElo "2971"]
[TimeControl "180+1"]
[EndTime "8:17:47 PDT"]
[Termination "profedechess93 won by resignation"]

1. e4 c5 2. Nf3 d6 3. Bb5+ Nd7 4. d4 cxd4 5. Qxd4 a6 6. Bxd7+ Bxd7 7. Bg5 f6 8. Be3 e6 9. c4 Ne7 10. Nc3 Nc6 11.
Qd2 Ne5 12. Nxe5 fxe5 13. f4 Bc6 14. O-O Qd7 15. fxe5 dxe5 16. Qf2 O-O-O 17. Bb6 Re8 18.
Rad1 Qe7 19. a3 h5 20. b4 Rh6 21. b5 Rf6 22. Qe3 Bd7 23. bxa6 bxa6 24. Rxf6 gxf6 25. c5 Bc6 26. Rb1 Qd7 27. Qe2 Qd4+ 28. Kh1 Qxc3 29. Qxa6+ Bb7 30. Qa4 Rd8 31. Bxd8 Kxd8 32.
Rd1+ Kc7 33. Qd7+ Kb8 34. Qd8+ Ka7 35. Qb6+ 1-0

[Event "Early-Titled-Tuesday-Blitz-April-02-2024"]
[Site "Chess.com"]
[Date "2024.04.02"]
[Round "2"]
[White "teresin05"]
[Black "ragnaroek66"]
[Result "1/2-1/2"]
[WhiteElo "2239"]
[BlackElo "2498"]
[TimeControl "180+1"]
[EndTime "8:17:47 PDT"]
[Termination "Game drawn by repetition"]

1. e4 c5 2. Nf3 Nc6 3. d4 cxd4 4. Nxd4 Nf6 5. Nc3 d6 6. f3 e6 7. Be3 Be7 8. g4 a6 9. Qd2 Nxd4 10. Bxd4 b5 11.
O-O-O b4 12. Na4 e5 13. Be3 Be6 14. Kb1 O-O 15. Nb6 Rb8 16. g5 Nh5 17. Nd5 Bxd5 18.
Qxd5 Bxg5 19. Bf2 Be7 20. Bxa6 Nf4 21. Qd2 Qc7 22. Be3 Ra8 23. Bd3 Ne6 24. Rhg1 Rfc8 25. Qe2 b3 26. cxb3 Qa5 27. a3 d5 28. exd5 Bxa3 29.
bxa3 Qxa3 30. Qb2 Rcb8 31. Qxa3 Rxa3 32. dxe6 Rbxb3+ 33. Kc2 Rc3+ 34. Kb2 Rab3+ 35. Ka1 Ra3+ 36. Kb1 Rab3+ 37. Ka2 Ra3+ 38. Kb2 Rab3+ 39. Ka1 Ra3+ 40. Kb1 Rab3+ 41. Ka2 Ra3+ 42. Kb1 1/2-1/2

[Event "Early-Titled-Tuesday-Blitz-April-02-2024"]
[Site "Chess.com"]
[Date "2024.04.02"]
[Round "2"]
[White "Witik"]
[Black "AccioChess"]
[Result "1-0"]
[WhiteElo "2773"]
[BlackElo "2468"]
[TimeControl "180+1"]
[EndTime "8:17:48 PDT"]
[Termination "Witik won on time"]

1. e4 e5 2. Nf3 Nc6 3. Nc3 g6 4. d4 exd4 5. Nd5 Bg7 6. Bg5 Nce7 7. Bc4 c6 8. Nf4 Nf6 9. e5 Ne4 10. O-O Nxg5 11. Nxg5 O-O 12. Qf3 d5 13. exd6 Qxd6 14.
Rfe1 Qf6 15. Ne4 Qe5 16. Nd3 Qf5 17. Qg3 Nd5 18. Nd6 Qf6 19. Bxd5 cxd5 20. Ne8 Qf5 21. Nc7 Be6 22. Nxa8 Rxa8 23. h3 Rc8 24. Re2 Bf8 25.
Rae1 h5 26. a3 Bg7 27. Nf4 Bd7 28. Re7 Rxc2 29. Qf3 d3 30. Nxd3 Qxf3 31. gxf3 Bxh3 32. Rxb7 Bf5 33. Re8+ Kh7 34. Rxf7 Kh6 35. Ne5 1-0

[Event "Early-Titled-Tuesday-Blitz-April-02-2024"]
[Site "Chess.com"]
[Date "2024.04.02"]
[Round "2"]
[White "KuzubovYuriy"]
[Black "wadsy27"]
[Result "1-0"]
[WhiteElo "2908"]
[BlackElo "2610"]
[TimeControl "180+1"]
[EndTime "8:17:49 PDT"]
[Termination "KuzubovYuriy won by resignation"]

1. d4 Nf6 2. c4 c5 3. d5 e6 4.
dxe6 fxe6 5. g3 d5 6. Bg2 Be7 7. Nh3 O-O 8. O-O Nc6 9. Nc3 d4 10. Nb1 e5 11. Ng5 Bf5 12. Nd2 h6 13. Nge4 Qd7 14. a3 Rae8 15. Qc2 Kh8 16. Qa4 d3 17. e3 Nxe4 18. Nxe4 Bxe4 19. Bxe4 d2 20. Bxd2 Qxd2 21. Rad1 Qe2 22. Rd7 Bg5 23. Qd1 Qxb2 24. Qh5 Ne7 25.
Rxe7 Rxe7 26. Qg6 Kg8 27. Bd5+ Rff7 28. h4 Bf6 29. Rd1 Qe2 30. Rb1 b6 31. Rf1 Qd2 32.
Kg2 e4 33. Bxe4 Be5 34. Bd5 Bxg3 35. Kxg3 Rxe3+ 36. Kg2 Re2 37. Qxf7+ 1-0

[Event "Early-Titled-Tuesday-Blitz-April-02-2024"]
[Site "Chess.com"]
[Date "2024.04.02"]
[Round "2"]
[White "Susal_De_Silva"]
[Black "SharathRk6"]
[Result "0-1"]
[WhiteElo "2716"]
[BlackElo "2404"]
[TimeControl "180+1"]
[EndTime "8:17:49 PDT"]
[Termination "SharathRk6 won by resignation"]

1. Nf3 Nf6 2. e3 e6 3. c4 d5 4. Nc3 Be7 5. b3 O-O 6. Bb2 b6 7. g3 Bb7 8. Bg2 Nbd7 9. O-O c5 10. cxd5 exd5 11. d4 Rc8 12. dxc5 Nxc5 13. Rc1 Nce4 14. Nd4 Qd7 15. Qe2 Nxc3 16. Rxc3 Ne4 17. Rcc1 a5 18.
Rfd1 Rxc1 19. Rxc1 Rc8 20. Qd1 Rxc1 21. Qxc1 Nc5 22.
Qc2 Bf6 23. h3 g6 24. g4 Ba6 25. Bf3 Bd3 26. Qd2 Ba6 27. Nf5 Bxb2 28. Nh6+ Kg7 29. Qxb2+ Kxh6 30. h4 Ne4 31. Qe5 f6 32. Qb8 Qc8 33.
Qxb6 Bb7 34. Qxa5 Qc1+ 35. Kg2 Qd2 36. Bxe4 Qxa5 0-1

[Event "Early-Titled-Tuesday-Blitz-April-02-2024"]
[Site "Chess.com"]
[Date "2024.04.02"]
[Round "2"]
[White "GlavkonVVS"]
[Black "DenLaz"]
[Result "0-1"]
[WhiteElo "2657"]
[BlackElo "3113"]
[TimeControl "180+1"]
[EndTime "8:17:50 PDT"]
[Termination "DenLaz won on time"]

1. c4 f5 2. Nc3 Nf6 3. g3 g6 4. Bg2 Bg7 5. d3 O-O 6. Nf3 d6 7. Rb1 e5 8. b4 e4 9. dxe4 fxe4 10. Ng5 e3 11. Bxe3 Ng4 12. Qd5+ Kh8 13. Bd2 Qe7 14. O-O Nc6 15. c5 Bf5 16. cxd6 cxd6 17. Nge4 Nf6 18.
Nxf6 Bxb1 19. Rxb1 Bxf6 20. Ne4 Be5 21. e3 Rae8 22. b5 Nd8 23. f4 Bg7 24. Nxd6 Ne6 25. Nxe8 Rxe8 26. Bb4 Qf6 27. Qxb7 Qf5 28. Be4 Qh3 29.
Qc6 Rd8 30. Bg2 Qf5 31. e4 Qf7 32. e5 Nd4 33. Qe4 Qxa2 34. Bd6 Ne2+ 35. Kh1 Nc3 36. Qc6 Qxb1+ 0-1

[Event "Early-Titled-Tuesday-Blitz-April-02-2024"]
[Site "Chess.com"]
[Date "2024.04.02"]
[Round "2"]
[White "Quattroporte300"]
[Black "luckyswitchback"]
[Result "1-0"]
[WhiteElo "2513"]
[BlackElo "2702"]
[TimeControl "180+1"]
[EndTime "8:17:50 PDT"]
[Termination "Quattroporte300 won by checkmate"]

1. e4 c6 2. d4 d5 3. exd5 cxd5 4.
Bd3 Nc6 5. c3 Nf6 6. Bf4 Bg4 7.
Qb3 Qd7 8. Nd2 e6 9. Ngf3 Bxf3 10. Nxf3 Bd6 11. Bxd6 Qxd6 12. O-O O-O 13. Rae1 Qc7 14.
Qc2 Rac8 15. Qd2 a6 16. Ne5 Nxe5 17. Rxe5 b5 18. f4 Qb6 19. f5 exf5 20. Rexf5 Rc6 21. Qg5 h6 22. Qg3 b4 23. h3 bxc3 24. bxc3 Ne4 25.
Bxe4 dxe4 26. Re5 Qb2 27. Rxe4 Rxc3 28. Qf4 Qxa2 29. Re7 Rc2 30. Qf3 Rd2 31. Rd7 Qe6 32. Qf5 Qe3+ 33. Kh2 Qe2 34. Qf3 Qe8 35. Qg4 h5 36.
Qf5 g6 37. Qd5 Qb8+ 38. Kh1 Qe8 39. Kh2 Re2 40. Rf6 a5 41. Rxg6+ Kh7 42. Qxh5# 1-0

[Event "Early-Titled-Tuesday-Blitz-April-02-2024"]
[Site "Chess.com"]
[Date "2024.04.02"]
[Round "2"]
[White "yaguigor"]
[Black "Robert_Chessmood"]
[Result "0-1"]
[WhiteElo "2632"]
[BlackElo "2972"]
[TimeControl "180+1"]
[EndTime "8:17:51 PDT"]
[Termination "Robert_Chessmood won by checkmate"]

1. e4 c6 2. d4 d5 3. e5 Bf5 4. h4 Qc7 5. Bd3 Bxd3 6. Qxd3 e6 7. h5 c5 8. Nf3 cxd4 9. Na3 Bxa3 10. Qxa3 Nc6 11.
Bf4 Nge7 12. h6 gxh6 13. Rxh6 Nf5 14. Rh5 O-O-O 15. g4 Nfe7 16. O-O-O Ng6 17. Bg5 Rd7 18. Bf6 Rg8 19. Nxd4 Ngxe5 20. Nb5 Qb6 21. Nd6+ Rxd6 22. Qxd6 Nc4 23. Qg3 Rg6 24. Qc3 Qxf2 25. b3 Qf4+ 26. Kb1 Na3+ 27. Kb2 Qxf6 28. Qxf6 Rxf6 29. Kxa3 Rf2 30.
c3 Kd7 31. Rxh7 Ne5 32. g5 Kd6 33. Rg7 b5 34. Kb4 Rxa2 35. Kxb5 Nc6 36. b4 Ne5 37. g6 Nc4 38. Rxd5+ exd5 39. Rxf7 a6# 0-1

[Event "Early-Titled-Tuesday-Blitz-April-02-2024"]
[Site "Chess.com"]
[Date "2024.04.02"]
[Round "2"]
[White "KnightmareJoker"]
[Black "CarlosjPineror"]
[Result "0-1"]
[WhiteElo "2322"]
[BlackElo "2680"]
[TimeControl "180+1"]
[EndTime "8:17:53 PDT"]
[Termination "CarlosjPineror won by resignation"]

1. e4 c5 2. Nf3 e6 3. d4 cxd4 4.
Nxd4 a6 5. Nc3 Qc7 6. Be2 Nf6 7.
O-O Be7 8. Be3 d6 9. f4 Nbd7 10.
g4 Nc5 11. Bf3 h6 12. e5 dxe5 13. fxe5 Qxe5 14. Bf4 Qxf4 15. Bc6+ bxc6 16. Rxf4 e5 17. Rf1 exd4 18. Qxd4 Ne6 19. Qa4 O-O 20. Ne4 Nxg4 21. Nf2 Ne5 22. Ng4 Nxg4 23. Qxg4 c5 24. Qe4 Rb8 25. Qe5 Rb4 26. Rf2 Bb7 27. h3 Re4 28.
Qg3 c4 29. Rg2 Bc5+ 30. Kh2 Re3 31. Qg4 Ng5 32. h4 Rh3+ 33. Qxh3 Nxh3 34. Kxh3 Bxg2+ 35.
Kxg2 Rd8 36. Kf3 Rd2 37. Rc1 f5 38. Kf4 g6 39. h5 Bd6+ 40. Ke3 Rg2 41. hxg6 Kg7 42.
Rd1 Be5 43. b3 Rxc2 44. bxc4 Rxc4 45. Rd5 Bf6 46. Rd7+ Kxg6 47. Rd6 Ra4 48. Rd2 Bg5+ 49. Kd3 Bxd2 0-1

[Event "Early-Titled-Tuesday-Blitz-April-02-2024"]
[Site "Chess.com"]
[Date "2024.04.02"]
[Round "2"]
[White "TheoSlade"]
[Black "Martial2008"]
[Result "0-1"]
[WhiteElo "2400"]
[BlackElo "2643"]
[TimeControl "180+1"]
[EndTime "8:17:53 PDT"]
[Termination "Martial2008 won by resignation"]

1. d4 Nf6 2. c4 e6 3. g3 d5 4. Bg2 dxc4 5. Nf3 Bd7 6. Ne5 Bc6 7. Nxc6 Nxc6 8. Qa4 Bb4+ 9. Bd2 Bxd2+ 10. Nxd2 O-O 11.
Bxc6 bxc6 12. Qxc4 Qd5 13. O-O Rfd8 14. Qxd5 Rxd5 15. Nb3 a5 16. e3 a4 17. Nc5 e5 18.
Rfd1 exd4 19. exd4 Nd7 20. Nxd7 Rxd7 21. Rac1 Rb8 22. Rxc6 g6 23. Rd2 Rb4 24. Rdc2 Kf8 25. a3 Rbxd4 26. Rxc7 Rxc7 27. Rxc7 Rd2 28. Ra7 Rxb2 29.
g4 Rb5 30. Rxa4 h5 31. h3 Kg7 32. Kg2 hxg4 33. hxg4 Rb3 34. Ra7 Kf6 35. f3 Kg5 36.
Kg3 f5 37. Ra5 Rc3 38. Ra4 f4+ 39. Rxf4 Rxa3 40. Rb4 Rc3 41. Rb5+ Kh6 42. Ra5 Rb3 43.
Kf4 Rb4+ 44. Kg3 Rb3 45. Rc5 Ra3 46. g5+ Kh5 47. Re5 Rb3 48. Rd5 Rb1 49. f4 Rb3+ 50. Kf2 Kg4 51. Rd4 Kf5 52. Rb4 Rxb4 0-1

[Event "Early-Titled-Tuesday-Blitz-April-02-2024"]
[Site "Chess.com"]
[Date "2024.04.02"]
[Round "2"]
[White "GalaxyRoman"]
[Black "Antosha_Chekhonte"]
[Result "1-0"]
[WhiteElo "2840"]
[BlackElo "2587"]
[TimeControl "180+1"]
[EndTime "8:17:54 PDT"]
[Termination "GalaxyRoman won by resignation"]

1. e4 c6 2. Nc3 d5 3. Nf3 dxe4 4. Nxe4 Nf6 5. Qe2 Na6 6. d4 Nxe4 7. Qxe4 Qd5 8. Qxd5 cxd5 9. c3 Nb8 10. Bd3 Nc6 11.
h3 e6 12. Bf4 Be7 13. Ne5 Nxe5 14. Bxe5 f6 15. Bh2 Kf7 16. Kd2 Bd7 17. a4 a5 18.
Rhe1 Rhc8 19. Re2 g6 20. Kc2 b6 21. Kb3 Bd8 22. Bb5 Bxb5 23. axb5 Bc7 24. Bxc7 Rxc7 25.
Rae1 Re8 26. f4 Rce7 27. g4 Rc8 28. Kc2 Rcc7 29. Kd3 Ra7 30. Ra1 Rac7 31. Ra4 Ra7 32. Re1 Rac7 33. Rb1 e5 34. fxe5 fxe5 35. Rf1+ Kg7 36.
dxe5 Rxe5 37. Raf4 Rc5 38. Rf7+ Kh6 39. h4 Rxb5 40. g5+ Kh5 41. R1f4 h6 42. Rh7 Rxg5 43. hxg5 Kxg5 44. Rf2 h5 45. Rg2+ Kf6 46. Rh6 a4 47.
Rhxg6+ 1-0

[Event "Early-Titled-Tuesday-Blitz-April-02-2024"]
[Site "Chess.com"]
[Date "2024.04.02"]
[Round "2"]
[White "Andrey_Klymchuk"]
[Black "Vse_po_kaify"]
[Result "1-0"]
[WhiteElo "2714"]
[BlackElo "2481"]
[TimeControl "180+1"]
[EndTime "8:17:54 PDT"]
[Termination "Andrey_Klymchuk won by resignation"]

1. e4 e5 2. d4 Nf6 3. dxe5 Nxe4 4. Bc4 Nc5 5. Qd5 Ne6 6. Nf3 c6 7. Qe4 d5 8. exd6 Bxd6 9. Nc3 O-O 10. O-O Nc5 11. Qd4 Ne6 12. Qg4 Nf4 13. Qg5 Be6 14. Bxe6 Nxe6 15. Qh5 Nd7 16. Ne4 Nf6 17. Nxf6+ Qxf6 18.
c3 h6 19. Be3 Nf4 20. Qg4 Rae8 21. Rad1 h5 22. Qh4 Qxh4 23. Nxh4 Nd5 24. Bd4 Rd8 25.
Nf5 Bb8 26. Bxg7 Rfe8 27. Rfe1 Rxe1+ 28. Rxe1 Nf4 29. Bd4 b6 30. g3 Nd3 31. Re7 c5 32.
Nh6+ Kf8 33. Rxf7+ Ke8 34. Bf6 Rd6 35. Re7+ Kf8 36.
Rf7+ Ke8 37. Bg7 Rd8 38. Rb7 Ne1 39. Kf1 Nf3 40. Bf6 Rd1+ 41. Ke2 Rd6 42. Rxb8+ Kd7 43. Rd8+ Kc7 44. Rxd6 1-0

[Event "Early-Titled-Tuesday-Blitz-April-02-2024"]
[Site "Chess.com"]
[Date "2024.04.02"]
[Round "2"]
[White "davidkalashian"]
[Black "FairChess_on_YouTube"]
[Result "0-1"]
[WhiteElo "2654"]
[BlackElo "3077"]
[TimeControl "180+1"]
[EndTime "8:17:55 PDT"]
[Termination "FairChess_on_YouTube won on time"]

1. e4 c5 2. Nc3 Nc6 3. Nf3 e6 4. Bb5 Nge7 5. O-O Nd4 6. Re1 a6 7. Bf1 Nec6 8. Nd5 Bd6 9. Ne3 O-O 10. c3 Nxf3+ 11. Qxf3 Bc7 12. a4 b6 13. d3 Bb7 14.
Qh3 Ne7 15. Ng4 f5 16. exf5 Nxf5 17. Bd2 Nh4 18. Ne5 Qf6 19. f4 Rad8 20. d4 Nf5 21. Bd3 h6 22. Ng4 Qg6 23. Ne5 Qf6 24. Ng4 Qh4 25. Bxf5 Qxh3 26. Nf6+ Rxf6 27. Bxh3 Bxf4 28.
Bxf4 Rxf4 29. dxc5 bxc5 30. Rad1 Bd5 31. a5 Rb8 32.
Rd2 Ra4 33. Re5 Rxa5 34. c4 Bxc4 35. Rxd7 Ra1+ 36. Kf2 Rxb2+ 37. Kg3 Ra3+ 38. Kh4 Rf2 39.
Rxc5 Bd5 40. Re7 Rf6 41. Rcc7 Ra4+ 42. g4 Rg6 0-1

[Event "Early-Titled-Tuesday-Blitz-April-02-2024"]
[Site "Chess.com"]
[Date "2024.04.02"]
[Round "2"]
[White "albi1999"]
[Black "ProphetReborn"]
[Result "0-1"]
[WhiteElo "2617"]
[BlackElo "2920"]
[TimeControl "180+1"]
[EndTime "8:17:59 PDT"]
[Termination "ProphetReborn won by resignation"]

1. Nf3 Nf6 2. c4 e6 3. e3 b6 4. b3 Bb7 5. Bb2 c5 6. Nc3 Be7 7. Be2 O-O 8. O-O d5 9. cxd5 Nxd5 10. d4 Nd7 11. Rc1 N7f6 12. dxc5 Bxc5 13. Nxd5 Nxd5 14.
Qc2 Rc8 15. Qb1 Qe7 16. Ne5 Rfd8 17. Bf3 Ba6 18. Rfd1 h6 19. Bxd5 exd5 20. Qf5 Qe6 21. Qh5 f6 22. Ng6 Qf7 23. Qg4 Re8 24. Nf4 Rcd8 25.
Qf5 Bc8 26. Qd3 Bg4 27. Rd2 Bb4 28. Rdc2 Rd7 29. h3 Be6 30. Rc6 Bd6 31. Nxe6 Qxe6 32. Ba3 Red8 33. Bxd6 Rxd6 34. Rc7 R8d7 35. Rc8+ Kf7 36.
Qh7 f5 37. Rg8 Qf6 38. Rcc8 Rd8 39. Qh8 Rxc8 40. Rxc8 Kg6 41. Rc7 d4 42. exd4 Rxd4 43. Qe8+ Kh7 44. Rxa7 Rd1+ 45. Kh2 Qd6+ 46. g3 Qd5 47.
Rxg7+ Kxg7 48. Qe7+ Qf7 0-1

[Event "Early-Titled-Tuesday-Blitz-April-02-2024"]
[Site "Chess.com"]
[Date "2024.04.02"]
[Round "2"]
[White "IMRosen"]
[Black "PIwan"]
[Result "1-0"]
[WhiteElo "2699"]
[BlackElo "2423"]
[TimeControl "180+1"]
[EndTime "8:17:59 PDT"]
[Termination "IMRosen won by checkmate"]

1. d4 e6 2. Bf4 d5 3. e3 Bd6 4. Bxd6 Qxd6 5. Qg4 Qf8 6. Nc3 Nf6 7. Qg3 Kd8 8. Nb5 Na6 9. a3 Bd7 10. Nf3 Ne4 11.
Qf4 c6 12. Nc3 Nxc3 13. bxc3 Nc7 14. Bd3 f6 15. c4 g5 16. Qg3 h5 17. h4 g4 18. Nd2 Qe7 19. O-O Ne8 20. Rab1 b6 21.
a4 Qd6 22. f4 gxf3 23. Qxf3 Kc7 24. a5 f5 25. axb6+ axb6 26. Rxb6 Rg8 27. Rfb1 Nf6 28. Rb7+ Kd8 29. c5 Qg3 30. Qxg3 Rxg3 31. Nf3 Ng4 32. Bf1 Rc8 33. Ra7 Rc7 34. Rb8+ Bc8 35. Raa8 Kd7 36. c4 Bb7 37. Rd8+ Ke7 38. Re8+ Kf6 39.
Rf8+ Rf7 40. Rxf7+ Kxf7 41. Ra7 Nxe3 42. Rxb7+ Kf6 43.
Kf2 f4 44. Ne5 Nd1+ 45. Ke1 Nc3 46. Rf7# 1-0

[Event "Early-Titled-Tuesday-Blitz-April-02-2024"]
[Site "Chess.com"]
[Date "2024.04.02"]
[Round "2"]
[White "Imagine_Drag0n"]
[Black "toninhojit"]
[Result "1-0"]
[WhiteElo "2796"]
[BlackElo "2492"]
[TimeControl "180+1"]
[EndTime "8:17:59 PDT"]
[Termination "Imagine_Drag0n won by checkmate"]

1. e4 g6 2. d4 Bg7 3. Nc3 d6 4. Be3 c6 5. a4 Nf6 6. h3 O-O 7.
Nf3 Nbd7 8. Bc4 e5 9. O-O exd4 10. Bxd4 Qc7 11. Re1 Ne5 12. Bf1 Be6 13. Ng5 Rad8 14.
Nxe6 fxe6 15. a5 c5 16. Be3 Nh5 17. Qd2 a6 18. f4 Nc6 19. Bc4 Qe7 20. g4 Nd4 21.
Rf1 Nf6 22. Rae1 Qd7 23. f5 gxf5 24. gxf5 d5 25. fxe6 Qxe6 26. Nxd5 Nxd5 27. Bxd5 Rxd5 28. exd5 Rxf1+ 29. Rxf1 Qxh3 30. Qf2 Qg4+ 31. Qg2 Ne2+ 32. Kf2 Qc4 33. Bh6 Qh4+ 34. Kxe2 Qxh6 35. Qe4 Qh5+ 36. Rf3 Qh2+ 37. Rf2 Qh5+ 38. Kf1 Bd4 39. Qe6+ Kg7 40. Rg2+ Kf8 41. Rg8# 1-0

[Event "Early-Titled-Tuesday-Blitz-April-02-2024"]
[Site "Chess.com"]
[Date "2024.04.02"]
[Round "2"]
[White "ExchangeAB"]
[Black "Elegance_Riks"]
[Result "0-1"]
[WhiteElo "2473"]
[BlackElo "2777"]
[TimeControl "180+1"]
[EndTime "8:17:59 PDT"]
[Termination "Elegance_Riks won by resignation"]

1. d4 Nf6 2. Bf4 g6 3. Nc3 d6 4. e4 Bg7 5. Qd2 a6 6. Nf3 b5 7. a3 Bb7 8. Bd3 Nbd7 9. O-O O-O 10. h3 c5 11. e5 Nh5 12. Bh2 cxd4 13. Nxd4 Nxe5 14. Ne4 Rc8 15. c3 Nxd3 16. Qxd3 Nf6 17. Nxf6+ Bxf6 18. Rfe1 Qb6 19. Nf3 a5 20. Bf4 Bxf3 21. Qxf3 b4 22. Be3 Qb5 23. cxb4 axb4 24. a4 Qd3 25. Reb1 Ra8 26. a5 Rfc8 27. a6 Rxa6 28.
Qb7 Rca8 29. Qxa8+ Rxa8 30. Rxa8+ Kg7 31. Rc1 Bxb2 32.
Rcc8 Be5 33. g4 Qd1+ 34. Kg2 Kf6 35. g5+ Ke6 36. Ra7 Qd5+ 37. Kg1 b3 38. Rb8 b2 39.
Rab7 Qd1+ 40. Kg2 Qd5+ 41. Kg1 f6 42. gxf6 Bxf6 43. Rb5 Qf3 44. R8b7 Qxh3 45. Rb3 Qg4+ 46.
Kf1 Qd1+ 47. Kg2 h5 48. Bh6 Qg4+ 49. Kf1 h4 50. Re3+ Kf7 51. Reb3 h3 52. f3 Qg2+ 53. Ke1 h2 0-1

[Event "Early-Titled-Tuesday-Blitz-April-02-2024"]
[Site "Chess.com"]
[Date "2024.04.02"]
[Round "2"]
[White "JaackCamel"]
[Black "andrzej"]
[Result "0-1"]
[WhiteElo "2183"]
[BlackElo "2484"]
[TimeControl "180+1"]
[EndTime "8:17:59 PDT"]
[Termination "andrzej won on time"]

1. d4 Nf6 2. c4 e6 3. Nc3 d5 4.
cxd5 exd5 5. Bg5 c6 6. e3 h6 7. Bh4 Be7 8. Bd3 O-O 9. Qc2 Re8 10. Nge2 Nbd7 11. O-O b5 12. h3 a5 13. Rad1 Ba6 14.
Bg3 Rc8 15. Qb1 Bf8 16. Rfe1 Qb6 17. Rc1 b4 18. Na4 Qa7 19. Red1 Ne4 20. Bh2 Ndf6 21. Nf4 Bd6 22. Bxa6 Qxa6 23. Qd3 Qa7 24. b3 Qb8 25. g3 Qb7 26. Rc2 Rb8 27. Kg2 Rec8 28. Rdc1 Qd7 29. f3 Ng5 30. h4 Bxf4 31. hxg5 Bxg5 32. Nc5 Qe8 33. Re1 h5 34. Rce2 Nd7 35. Rc2 g6 36. Bg1 Be7 37. Nxd7 Qxd7 38. Bf2 Kg7 39. Rh1 Re8 40. Rcc1 Bd6 41. Qa6 Rbc8 42. Qd3 Rh8 43. Rh4 Be7 44. Rf4 Bg5 45. Rc5 Bxf4 46. exf4 h4 47. g4 h3+ 48. Kh2 Qe7 0-1

[Event "Early-Titled-Tuesday-Blitz-April-02-2024"]
[Site "Chess.com"]
[Date "2024.04.02"]
[Round "2"]
[White "BashiqChess"]
[Black "PavelShkapenko"]
[Result "1-0"]
[WhiteElo "2473"]
[BlackElo "2696"]
[TimeControl "180+1"]
[EndTime "8:18:00 PDT"]
[Termination "BashiqChess won by resignation"]

1. Nf3 d5 2. b3 c5 3. e3 Bf5 4.
Bb2 Nf6 5. Bb5+ Nbd7 6. O-O e6 7.
c4 a6 8. Bxd7+ Qxd7 9. d4 dxc4 10. Ne5 Qc7 11. Nxc4 Rd8 12. Qf3 Be4 13. Qg3 Qxg3 14. hxg3 b5 15. Ne5 cxd4 16. Bxd4 Bb4 17. a3 Ba5 18. a4 Bc7 19. axb5 axb5 20. Nc3 O-O 21. b4 Bf5 22. Rfc1 Bd6 23. Nxb5 Bxb4 24. Nc6 Rd5 25. Nc7 Bd6 26. Nxd5 Nxd5 27. Bc5 Bxc5 28. Rxc5 h6 29. Rxd5 exd5 30. Ne7+ Kh8 31. Nxf5 Rd8 32. Nd4 Kh7 33. Ra7 Kg6 34. g4 Rf8 35. g3 h5 36. gxh5+ Kxh5 37. Rd7 Kg6 38. Rxd5 Ra8 39. Kg2 Ra2 40. Rc5 Rb2 41.
Rb5 Ra2 42. Kf3 f6 43. g4 Kf7 44. Rb7+ Kg6 45. Nf5 Kh7 46. Rxg7+ Kh8 47. Rd7 Kg8 48.
Kg3 Kh8 49. Rd6 1-0